 Dungeon Crawl Stone Soup version 0.30-a0-634-g8abc85282e (webtiles) character file.

Game seed: 13609330981871826238

44 Dartaoz the Chopper (level 3, -1/33 HPs)
             Began as a Hill Orc Monk on Jan 14, 2023.
             Was a Believer of Beogh.
             Slain by a black bear (4 damage)
             ... on level 3 of the Dungeon.
             The game lasted 00:05:27 (1020 turns).

Dartaoz the Chopper (Hill Orc Monk)                 Turns: 1020, Time: 00:05:27

Health: -1/33      AC:  6    Str: 15    XL:     3   Next: 62%
Magic:  3/3        EV: 11    Int: 10    God:    Beogh [**....]
Gold:   58         SH:  0    Dex: 19    Spells: 2/2 levels left

rFire   . . .      SeeInvis .    k - +0 war axe
rCold   . . .      Faith    .    (no shield)
rNeg    . . .      Spirit   .    i - +0 ring mail
rPois   .          Reflect  .    l - +0 helmet
rElec   .          Harm     .    (no cloak)
rCorr   .          Rampage  .    (no gloves)
Will    .....                    (no boots)
Stlth   +                        (no amulet)
HPRegen 0.25/turn                e - +6 ring of dexterity
MPRegen 0.08/turn                (no ring)

@: no status effects
A: no striking features
a: Renounce Religion, Smiting


You were on level 3 of the Dungeon.
You worshipped Beogh.
Beogh was pleased with you.
You visited 1 branch of the dungeon, and saw 3 of its levels.

You collected 58 gold pieces.

Inventory:

Hand Weapons
 a - a +0 hand axe
 k - a +0 war axe (weapon)
Armour
 b - a +0 robe
 h - a +0 leather armour
 i - a +0 ring mail (worn)
 l - a +0 helmet (worn)
Jewellery
 e - a +6 ring of dexterity (left hand)
Scrolls
 d - a scroll of fear {unknown}
 g - a scroll of enchant weapon {unknown}
 j - a scroll of teleportation {unknown}
 m - a scroll of blinking {unknown}
 n - a scroll of torment {unknown}
Potions
 f - a potion of heal wounds {unknown}
 o - a potion of lignification {unknown}


   Skills:
 + Level 3.9 Fighting
 + Level 5.5 Axes
 + Level 1.0 Armour
 - Level 2.4 Dodging
 - Level 1.5 Stealth


You had 2 spell levels left.
You didn't know any spells.
Your spell library contained the following spells:

 Spells                   Type           Power      Damage    Failure   Level
 Gell's Gravitas          Tloc           0%         N/A       92%         3
 Lesser Beckoning         Tloc           0%         N/A       92%         3
 Teleport Other           Tloc           0%         N/A       92%         3


Dungeon Overview and Level Annotations

Branches:
Dungeon (3/15)

Altars:


Message History

The endoplasm hits you but does no damage.
The black bear barely misses you.
The black bear claws you but does no damage.
The black bear claws you.
* * * LOW HITPOINT WARNING * * *
The black bear attacks as you move away!
The black bear closely misses you.
The black bear claws you but does no damage.
The black bear claws you.
* * * LOW HITPOINT WARNING * * *
The endoplasm attacks as you move away! The endoplasm hits you.
* * * LOW HITPOINT WARNING * * *
The black bear completely misses you.
The black bear claws you but does no damage.
The black bear closely misses you. The black bear barely misses you.
The black bear closely misses you. The black bear claws you.
* * * LOW HITPOINT WARNING * * *
You closely miss the black bear.
The black bear is severely wounded.
You slash the endoplasm!
You kill the endoplasm!
Beogh accepts your kill. The black bear misses you.
The black bear claws you but does no damage.
The black bear closely misses you. The black bear bites you!
* * * LOW HITPOINT WARNING * * *
The black bear barely misses you.
The black bear claws you but does no damage.
Are you sure you want to stumble around while confused and next to the non-hostile orc priest?
Okay, then.
Are you sure you want to stumble around while confused and next to the non-hostile orc priest?
Okay, then.
You feel less invigorated.
You feel less confused. The black bear closely misses you.
The black bear claws you but does no damage. x2
The black bear bites you.
* * * LOW HITPOINT WARNING * * *
The black bear claws you.
You die...

#...............<...
#...................
#.............).....
#...............)...
#...................
#...................
#..................)
#.......h...........
#......@............
#......o............
#..................
#.)...............
#............#####
#.############
#..........
#..######## #..#


You could see a black bear (berserk) and a neutral orc priest (wandering).

Vanquished Creatures
  A worm (D:2)
  2 dart slugs
  4 ball pythons
  7 bats
  2 endoplasms
  2 giant cockroaches (D:1)
  A hobgoblin (D:2)
  A quokka (D:1)
  5 frilled lizards
  4 goblins
  5 kobolds
  6 rats
40 creatures vanquished.

Vanquished Creatures (others)
  2 orcs (D:3)
2 creatures vanquished.

Grand Total: 42 creatures vanquished

Notes
Turn   | Place    | Note
-------+----------+-------------------------------------------
     0 | D:1      | Dartaoz the Hill Orc Monk began the quest for the Orb.
     0 | D:1      | Reached XP level 1. HP: 19/19 MP: 1/1
   135 | D:1      | Reached XP level 2. HP: 24/26 MP: 2/2
   151 | D:1      | Found a faded altar of an unknown god.
   271 | D:1      | Reached skill level 5 in Axes
   583 | D:1      | Reached XP level 3. HP: 33/33 MP: 3/3
   969 | D:2      | You fall into a shaft and drop 1 floor!
   984 | D:3      | Became a worshipper of Beogh the Brigand
   984 | D:3      | Reached * piety under Beogh
   984 | D:3      | Reached ** piety under Beogh
   988 | D:3      | Reached skill level 1 in Armour
  1002 | D:3      | Noticed a black bear
  1020 | D:3      | Slain by a black bear

Illustrated notes

Levels and vault maps discovered:
D:1:      amcnicky_arrival_flooded_fountain, layout_loops_ring,
          hellmonk_ecumenical_altar_blasted
D:2:      layout_basic, basic_altar, minmay_tree_intersection, st_stairs_12,
          grunt_ministairs_13
D:3:      layout_basic

Skill      XL: |  1  2  3 |
---------------+----------+-----
Axes           | 5 |  5.5
Armour         | 1 |  1.0
Fighting       | |  3.9
Dodging        | |  2.4
Stealth        | |  1.5

Action                   || total
-------------------------++-------
Melee: Hand axe          ||    61
       War axe           ||    49
Invok: Convert to Beogh  ||     1
  Use: Potion            ||     1
 Stab: Sleeping          ||     3
Armor: Robe              ||     9
       Ring mail         ||    52
Dodge: Dodged            ||    88

Table legend: (Time is in decaauts)
 A = Elapsed time spent in this place.
 B = Non-inter-level travel time spent in this place.
 C = Inter-level travel time spent in this place.
 D = Time resting spent in this place.
 E = Time spent auto-exploring this place.
 F = Levels seen in this place.
 G = Mean time per level.
                   A        B        C        D        E       F      G
               +--------+--------+--------+--------+--------+-----+--------+
         Total |   1033 |   1025 |      8 |      0 |    671 |   3 |  344.3 |
       Dungeon |   1033 |   1025 |      8 |      0 |    671 |   3 |  344.3 |
               +--------+--------+--------+--------+--------+-----+--------+

Top non-repeatable levels by time:
     D:1: 756 daAuts
     D:2: 224 daAuts
     D:3: 52 daAuts
